 Dungeon Crawl Stone Soup version 0.20-a0-336-g7b05759 (webtiles) character file.

1549 pkoi the Sneak (level 8, 0/53 HPs)
             Began as a Demonspawn Wizard on Dec 21, 2016.
             Was a Follower of Dithmenos.
             Slain by an adder (2 damage)
             ... on level 5 of the Dungeon.
             The game lasted 00:22:09 (9567 turns).

pkoi the Sneak (Demonspawn Wizard)                  Turns: 9567, Time: 00:22:10

Health: 0/53       AC:  3    Str: 10    XL:     8   Next: 57%
Magic:  6/12       EV: 12    Int: 20    God:    Dithmenos [*.....]
Gold:   212        SH:  0    Dex: 11    Spells: 4/13 levels left

rFire  + . .     SeeInvis .     a - +0 dagger (pain)
rCold  + . .     Gourm    .     e - +0 robe
rNeg   + . .     Faith    .     (no shield)
rPois  +         Spirit   .     w - +1 hat
rElec  +         Reflect  .     (no cloak)
rCorr  +         Harm     .     (no gloves)
MR     .....                    (no boots)
Stlth  +++++++...               x - amulet of rage
                                r - ring of positive energy
                                p - ring of poison resistance

@: resistant, wreathed by umbra
A: nightstalker 3, spiny 1
a: Renounce Religion, Evoke Berserk Rage


You were on level 5 of the Dungeon.
You worshipped Dithmenos.
Dithmenos was aware of your devotion.
You were hungry.

You visited 2 branches of the dungeon, and saw 7 of its levels.

You collected 212 gold pieces.

Inventory:

Hand Weapons
 a - a +0 dagger of pain (weapon)
 i - a +0 spear
Armour
 e - a +0 robe (worn)
 w - a +1 hat (worn)
Magical Staves
 b - an uncursed staff of wizardry
Jewellery
 p - a ring of poison resistance (left hand)
 r - a ring of positive energy (right hand)
 x - an amulet of rage (around neck)
Wands
 m - a wand of paralysis (6/24)
 u - a wand of confusion (32/48)
Scrolls
 g - 3 scrolls of remove curse
 l - a scroll of enchant armour
 n - a scroll of fear
 t - 2 scrolls of identify
 v - a scroll of recharging
Potions
 f - 2 potions of flight {unknown}
 j - a potion of heal wounds {unknown}
 k - 2 potions of curing
 s - a potion of lignification {unknown}
 z - a potion of haste {unknown}
Books
 c - a book of Minor Magic

   Spells                             Type                      Level
   a - Magic Dart                     Conjuration                  1
   b - Blink                          Translocation                2
   c - Call Imp                       Summoning                    2
   d - Repel Missiles                 Charms/Air                   2
   e - Slow                           Hexes                        2
   f - Conjure Flame                  Conjuration/Fire             3
   g - Mephitic Cloud                 Conjuration/Poison/Air       3
Comestibles
 d - 3 bread rations
 o - a fruit


   Skills:
 - Level 0.4 Fighting
 + Level 4.5 Short Blades
 - Level 0.8 Polearms
 - Level 1.7 Dodging
 + Level 5.7 Stealth
 - Level 1.0 Unarmed Combat
 - Level 3.0 Spellcasting
 + Level 5.1 Conjurations
   Level 1.0 Summonings
 - Level 0.8 Translocations
 - Level 0.6 Fire Magic
 + Level 3.0 Air Magic
 + Level 3.3 Poison Magic


You had 4 spell levels left.
You knew the following spells:

 Your Spells              Type           Power        Failure   Level  Hunger
a - Magic Dart            Conj           ###.         1%          1    None
b - Blink                 Tloc           N/A          17%         2    ##.....
c - Conjure Flame         Conj/Fire      ##......     14%         3    ###....
d - Mephitic Cloud        Conj/Pois/Air  ###.....     10%         3    ###....


Dungeon Overview and Level Annotations

Branches:
Dungeon (6/15)             Temple (1/1) D:6

Altars:
Ashenzari
Cheibriados
Dithmenos
Elyvilon
Fedhas
Gozag
Makhleb
Nemelex Xobeh
Okawaru
Qazlal
Ru
Sif Muna
Trog
Uskayaw
Xom
Yredelemnul
Zin
The Shining One

Annotations:
D:5 Menkaure


Innate Abilities, Weirdness & Mutations

You are completely attuned to the shadows.
You are partially covered in sharp spines.


Message History

Menkaure is moderately damaged.
The adder hisses angrily.
The orc wizard is engulfed in noxious fumes.
The orc wizard appears confused.
You have a feeling of ineptitude.
a - a +0 dagger of pain (weapon)
The orc wizard is engulfed in noxious fumes.
The orc wizard appears confused.
Menkaure casts a spell.
Menkaure seems to speed up.
Dithmenos accepts your kill.
Dithmenos appreciates your extinguishing a source of fire.
Your Air Magic skill increases to level 3!
You feel a bit more experienced. The adder is struck by your spines.
The adder misses you.
Menkaure gestures wildly while chanting.
It was a potion of resistance.
You feel protected. The adder bites you.
You die...

#..............###.#####.#
#.#.............#.######.##
#.####.#.##.........5..#...
#.# #.#)######.######.####
#.# #.#......#.# #.#
##.####.#......#.# #5#
#..............#[### #.#
#....#.............# #.#
#.#..(.....@S..#.#.# #.#
#<.#.......####M...####.#
#..........# #o.#.......#
#........#####.....######
#........# ##....#.###
#.....######.........#
#..#.##..........>.#.# ##
#........###.......#.# #.
#...#..#........#..#.# #.


You could see Menkaure and an adder.

Vanquished Creatures
  A water moccasin (D:6)
  A sky beast (D:5)
  An ice beast (D:5)
  2 centaurs (D:5)
  2 scorpions
  A crimson imp (D:5)
  A bullfrog zombie (D:5)
  A quasit (D:5)
  4 orc priests
  3 jellies
  6 orc wizards
  A gnoll shaman (D:5)
  A centaur skeleton (D:5)
  An iguana (D:4)
  5 worker ants
  A killer bee zombie (D:5)
  2 hound zombies (D:5)
  A worker ant zombie (D:6)
  7 gnolls
  9 adders
  A shadow imp (D:5)
  An ooze (D:2)
  6 worms
  A dart slug (D:1)
  3 leopard geckos
  15 orcs
  3 ball pythons
  6 bats
  5 giant cockroaches
  8 goblins
  4 hobgoblins
  11 jackals
  11 kobolds
  A quokka (D:6)
  5 frilled lizards
  A jackal zombie (D:5)
  10 rats
143 creatures vanquished.

Notes
Turn   | Place    | Note
-------+----------+-------------------------------------------
     0 | D:1      | pkoi the Demonspawn Wizard began the quest for the Orb.
     0 | D:1      | Reached XP level 1. HP: 13/13 MP: 4/4
     0 | D:1      | Upgraded the game from 0.20-a0-317-gc038824 to 0.20-a0-336-g7b05759
   308 | D:1      | Gained mutation: You are slightly more attuned to the shadows. [demonic ancestry]
   308 | D:1      | Reached XP level 2. HP: 6/19 MP: 1/6
   826 | D:1      | Reached skill level 1 in Unarmed Combat
  1178 | D:1      | Learned a level 2 spell: Blink
  1333 | D:2      | Reached XP level 3. HP: 25/25 MP: 0/7
  1641 | D:2      | Gained mutation: You are partially covered in sharp spines. [demonic ancestry]
  1641 | D:2      | Reached XP level 4. HP: 7/31 MP: 5/8
  2236 | D:2      | Learned a level 3 spell: Conjure Flame
  2240 | D:2      | Learned a level 3 spell: Mephitic Cloud
  2594 | D:2      | Found a white marble altar of Elyvilon.
  3211 | D:3      | Gained mutation: You are significantly more attuned to the shadows. [demonic ancestry]
  3211 | D:3      | Reached XP level 5. HP: 36/36 MP: 9/9
  4230 | D:4      | Reached skill level 1 in Short Blades
  4230 | D:4      | Reached skill level 1 in Poison Magic
  4518 | D:4      | Reached skill level 1 in Air Magic
  4792 | D:4      | Gained mutation: You are completely attuned to the shadows. [demonic ancestry]
  4792 | D:4      | Reached XP level 6. HP: 32/42 MP: 7/10
  5191 | D:4      | Found a shadowy altar of Dithmenos.
  5191 | D:4      | Found an opulent altar of Gozag.
  5261 | D:4      | Found a hide-covered altar of Uskayaw.
  5488 | D:4      | Became a worshipper of Dithmenos the Shadowed
  5511 | D:5      | Entered Level 5 of the Dungeon
  6218 | D:5      | Noticed an ice beast
  6228 | D:5      | Killed an ice beast
  6228 | D:5      | Reached XP level 7. HP: 25/47 MP: 9/11
  7076 | D:5      | Reached skill level 5 in Stealth
  7504 | D:5      | Reached * piety under Dithmenos
  7547 | D:5      | Reached XP level 8. HP: 34/53 MP: 9/12
  8030 | D:6      | Found a staircase to the Ecumenical Temple.
  8036 | Temple   | Entered the Ecumenical Temple
  8146 | D:5      | HP: 1/53 [centaur/arrow (11)]
  9166 | D:6      | Noticed Menkaure
  9277 | D:5      | Reached skill level 5 in Conjurations
  9558 | D:5      | HP: 1/53 [orc wizard/puff of flame (6)]
  9567 | D:5      | Slain by an adder

Vault maps used:
D:1:      dpeg_arrival_shelter, hex_tiny, serial_bayou_pond_d
D:2:      elyvilon_altar_4
D:3:      first_bread, hangedman_decor_growths
D:4:      kennysheep_mini, gammafunk_temple_overflow_elements
D:6:      kb_forest_paths, nrook_mini_backslash, uniq_menkaure
Temple:   eino_wide_crystal_templ

Skill      XL: |  1  2  3  4  5  6  7  8 |
---------------+-------------------------+-----
Unarmed Combat | 1 |  1.0
Conjurations   | 2 3 4 5 |  5.1
Stealth        | 2 3 5 |  5.7
Short Blades   | 1 2 4 |  4.5
Poison Magic   | 1 2 3 |  3.3
Air Magic      | 1 2 3 |  3.0
Fighting       | |  0.4
Polearms       | |  0.8
Dodging        | |  1.7
Spellcasting   | |  3.0
Summonings     | |  1.0
Translocations | |  0.8
Fire Magic     | |  0.6

Action                   |  1- 3 |  4- 6 |  7- 9 || total
-------------------------+-------+-------+-------++-------
Melee: Unarmed           |    11 |       |       ||    11
       Spear             |    32 |    45 |       ||    77
       Dagger            |       |    94 |   102 ||   196
 Cast: Magic Dart        |    54 |   117 |    59 ||   230
       Mephitic Cloud    |       |     2 |    15 ||    17
  Use: Scroll            |     6 |     2 |     3 ||    11
       Potion            |       |       |     1 ||     1
 Stab: Sleeping          |     1 |    18 |     9 ||    28
       Confused          |       |       |     5 ||     5
       Distracted        |       |       |     1 ||     1
  Eat: Chunk             |     1 |    15 |     8 ||    24
       Fruit             |       |       |     2 ||     2
       Beef jerky        |       |       |     1 ||     1
Armor: Robe              |    15 |    17 |     9 ||    41
Dodge: Dodged            |    32 |    72 |    64 ||   168
